 Dungeon Crawl Stone Soup version 0.32-a0-685-g93135e86f0 (webtiles) character file.

Game seed: 6900164601089254162

52596 hikkokomori the Fighter (level 14, -7/104 HPs)
             Began as a Coglin Berserker on Mar 10, 2024.
             Was an Elder of Lugonu.
             Mangled by a two-headed ogre
             ... wielding a +0 giant club
             ... created by the rage of Trog
              (24 damage)
             ... on level 12 of the Dungeon on Mar 12, 2024.
             The game lasted 00:52:26 (13397 turns).

hikkokomori the Fighter (Coglin Berserker)         Turns: 13397, Time: 00:52:27

Health: -7/104     AC: 16    Str: 26 (28) XL:     14   Next: 64%
Magic:  16/20      EV: 12    Int:  4      God:    Lugonu [****..]
Gold:   916        SH:  0    Dex: 14      Spells: 13/13 levels left

rFire   + . .        N - +11 eveningstar "Uteghouh" {heavy, rC+ rN++}
rCold   + . .        O - +1 whip (elec) {Xochipepe}
rNeg    + + .        p - +1 scale mail {rPois}
rPois   +            y - +1 hat
rElec   +            C - +0 cloak of a volcano {^Contam Regen+ Str+5}
rCorr   +            k - +0 pair of gloves
SInv    .            G - +2 pair of boots
Will    +....        (amulet unavailable)
Stlth   +            (ring unavailable)
HPRegen 1.17/turn    (ring unavailable)
MPRegen 0.17/turn    a - reticulated subsystem {Rampage Acrobat rElec rPois rCorr}

%: acrobat, rampage
@: studying Ice Magic, revving
A: off-hand wielding, slow wielding, warmup strikes, no jewellery, dopey 1, fire
resistance 1, frail 1
a: Renounce Religion, Depart the Abyss, Banish, Corrupt


You were on level 12 of the Dungeon.
You worshipped Lugonu.
Lugonu was greatly pleased with you.
You visited 2 branches of the dungeon, and saw 14 of its levels.
You visited the Abyss 1 time.
You also visited: Bailey and Ice Cave.

You collected 1078 gold pieces.
You spent 162 gold pieces at shops.

Inventory:

Hand Weapons
 w - the +8 dire flail of Calamity {elec, rF++ Will+ Str-2}
   (You bought it in a shop on level 2 of the Dungeon)

   Str-2:     It affects your strength (-2).
   rF++:      It greatly protects you from fire.
   Will+:     It increases your willpower.
 x - a +2 short sword of speed
 L - a +0 morningstar
 N - the +11 eveningstar "Uteghouh" (weapon) {heavy, rC+ rN++}
   (Trog gifted it to you on level 9 of the Dungeon)

   rC+:       It protects you from cold.
   rN++:      It greatly protects you from negative energy.
 O - a +1 whip of electrocution (offhand) {Xochipepe}
Missiles
 o - 3 throwing nets
 H - 4 javelins (quivered)
 U - 2 curare-tipped darts
Armour
 k - a +0 pair of gloves (worn)
 p - a +1 scale mail of poison resistance (worn)
 r - the +0 scale mail "Turak" {^Drain rElec Str+6}
   (You found it on level 10 of the Dungeon)

   Str+6:     It affects your strength (+6).
   rElec:     It insulates you from electricity.
   ^Drain:    It drains your maximum health when unequipped.
 v - a scarf of repulsion
 y - a +1 hat (worn)
 C - the +0 cloak of a volcano (worn) {^Contam Regen+ Str+5}
   (You found it in a bailey)

   Str+5:     It affects your strength (+5).
   ^Contam:   It causes magical contamination when unequipped.
   Regen+:    It increases your rate of health regeneration.
 G - a +2 pair of boots (worn)
 M - a scarf of resistance
 V - the +3 hat of Pondering {ponderous, Will+ MP+10 Int+5}
   (You took it off Gastronok on level 1 of the Lair of Beasts)

   Int+5:     It affects your intelligence (+5).
   Will+:     It increases your willpower.
   MP+10:     It affects your magic capacity (+10).
Gizmo
 a - a reticulated subsystem (installed) {Rampage Acrobat rElec rPois rCorr}
   (You invented it yourself on level 2 of the Lair of Beasts)

   [reticulated subsystem]

   rElec:     It insulates you from electricity.
   rPois:     It protects you from poison.
   rCorr:     It protects you from acid and corrosion.
   Rampage:   It bestows one free step when moving towards enemies.
   Acrobat:   It increases your evasion after moving or waiting.
Wands
 f - a wand of warping (6)
 t - a wand of paralysis (2)
 z - a wand of flame (20)
Scrolls
 b - a scroll of summoning {unknown}
 c - a scroll of brand weapon {unknown}
 e - a scroll of blinking
 g - 2 scrolls of fog
 i - 3 scrolls of enchant armour
 l - a scroll of vulnerability {unknown}
 m - 2 scrolls of enchant weapon
 B - 2 scrolls of silence
 E - 3 scrolls of fear
 F - a scroll of torment {unknown}
 I - 2 scrolls of noise {unknown}
 J - a scroll of identify
 P - 2 scrolls of immolation
 S - 3 scrolls of teleportation
Potions
 d - 4 potions of mutation
 h - 8 potions of curing
 j - 3 potions of heal wounds
 n - 7 potions of brilliance
 q - 2 potions of lignification
 s - a potion of magic {unknown}
 u - 2 potions of attraction
 A - 4 potions of cancellation
 D - 2 potions of enlightenment
 Q - 2 potions of might
 R - a potion of haste {unknown}
 T - a potion of ambrosia


   Skills:
 + Level 12.9 Fighting
 + Level 2.7 Short Blades
 - Level 4.2(9.7) Axes
 + Level 12.0(12.3) Maces & Flails
 - Level 2.3(3.4) Polearms
 - Level 8.0 Armour
 - Level 4.2 Dodging
 - Level 2.0 Stealth
 - Level 8.1 Invocations
 - Level 12.0 Evocations


You had 13 spell levels left.
You didn't know any spells.
Your spell library contained the following spells:

 Spells                   Type           Power      Damage    Failure   Level
 Freeze                   Ice            0%         1d3       75%         1
 Magic Dart               Conj           0%         1d3       75%         1
 Blink                    Tloc           0%         N/A       87%         2
 Call Imp                 Summ           0%         N/A       87%         2
 Jinxbite                 Hex            0%         N/A       87%         2
 Mercury Vapours          Alch/Air       0%         N/A       87%         2
 Dazzling Flash           Conj/Hex       0%         N/A       98%         3
 Frozen Ramparts          Ice            0%         1d1       98%         3
 Hailstorm                Conj/Ice       0%         3d5       98%         3
 Inner Flame              Hex/Fire       0%         N/A       98%         3
 Sigil of Binding         Hex            0%         N/A       98%         3
 Cause Fear               Hex            0%         N/A       100%        4
 Sticky Flame             Fire/Alch      0%         2d4       100%        4
 Fireball                 Conj/Fire      0%         3d3       100%        5
 Death Channel            Necr           0%         N/A       100%        6
 Sculpt Simulacrum        Ice/Alch       0%         N/A       100%        6
 Dragon's Call            Summ           0%         N/A       100%        9


Dungeon Overview and Level Annotations

Branches:
Dungeon (12/15)            Temple (0/1) D:7            Lair (2/5) D:10
    Orc (0/2) D:12         Bailey (visited)           IceCv (visited)
  Swamp: Lair:2-3    Shoals: Lair:2-3     Snake: Lair:2-3    Spider: Lair:2-3

Altars:
Ashenzari
Cheibriados
Dithmenos
Gozag
Hepliaklqana
Kikubaaqudgha
Makhleb
Nemelex Xobeh
Qazlal
Ru
Sif Muna
Trog
Uskayaw
Xom
Zin
The Shining One
Lugonu

Shops:
D:2 (   D:6 =   D:8 *   D:9 [   D:12 [

Annotations:
D:8 2 transporters
Lair:2 2 transporters, exclusion: oklob plant


Innate Abilities, Weirdness & Mutations

You can wield a second weapon in your off-hand.
It takes a long time for you to wield or remove held weapons.
Your first few attacks do less damage.
You cannot equip rings or amulets.
You are dopey. (Int -2)
Your flesh is heat resistant. (rF+)
You are frail. (-10% HP)


Message History

No target in view!
No target in view!
No target in view!
No target in view!
You see here a vampire mosquito corpse.
Trog sends monsters to punish you.
Lugonu does not welcome meddling.
The black bear is devoured by a tear in reality.
The polar bear is devoured by a tear in reality. x2
The ogre is devoured by a tear in reality.
A troll, a two-headed ogre and a polar bear come into view.
There are monsters nearby!
Press: ? - help, v - describe, . - travel
Here: a troll (translocational energy, durably summoned, berserk)
The floor.
Unknown command.
Unknown command.
Okay, then.
Press: ? - help, Shift-Dir - straight line, f - troll
Aim: a troll (translocational energy, durably summoned, berserk, chance to affect: 84%)
The troll is devoured by a tear in reality.
You hit the polar bear but do no damage.
You crush the polar bear like a grape with the +11 eveningstar "Uteghouh"!!!
The polar bear bites you.
The polar bear claws you but does no damage.
The polar bear barely misses you.
You barely miss the polar bear with your +1 whip of electrocution.
The polar bear is severely wounded.
You crush the polar bear like a grape with the +11 eveningstar "Uteghouh"!!!
You kill the polar bear!
That felt strangely unrewarding.
The two-headed ogre hits you with a +0 giant club!!!
The two-headed ogre hits you with a +0 dire flail!!
You bludgeon the two-headed ogre with the +11 eveningstar "Uteghouh"!!
The two-headed ogre is moderately wounded.
You whack the two-headed ogre with your +1 whip of electrocution!
The two-headed ogre hits you with a +0 giant club!!
* * * LOW HITPOINT WARNING * * *
The two-headed ogre hits you with a +0 dire flail!!
You die...

##...........### ##........
*#..........#.#####...#.....
*#........†...)........####..
#......................#**#..
###.....................#..)#
#.....)###..#..###....(...#
##.....####§#..#*.........#
###...##...#..#...........
##....O@.§§.............
#..###(......##........
##.*,§§..##..##........
##*##.###,,..,,,,,,,,,
##.,,,,,.,,,,,,>,,
*,.,,,,,,,,,,,,,,,
**.,,,*,,,,,,,,,,,
*,..,,,,,,,,,,,,,,
*,,,,,,,,,,,*,**,,


You could see a two-headed ogre (berserk).

Vanquished Creatures
  Gastronok (Lair:1)
  A reaper (IceCv)
  An orc warlord (Bailey)
  2 hydras (Lair:2)
  Harold (D:10)
  A centaur warrior (D:9)
  3 boulder beetles
  2 two-headed ogres
  4 death yaks (Lair:1)
  2 skysharks (Lair:2)
  An orc knight (Bailey)
  An ugly thing (D:12)
  A manticore (D:11)
  2 cyclopes
  A rust devil (Abyss:2)
  A black mamba (Lair:1)
  An apocalypse crab (Abyss:2)
  2 ice statues (IceCv)
  Joseph (D:9)
  2 gargoyles (D:12)
  2 cane toads
  2 kobold demonologists (D:10)
  3 ice devils (IceCv)
  2 rime drakes (D:12)
  Psyche (D:10)
  9 komodo dragons
  2 freezing wraiths (IceCv)
  An ancient zyme (Abyss:2)
  8 polar bears
  4 trolls
  3 hornets (D:9)
  19 blink frogs
  2 wraiths (D:11)
  3 dire elephant simulacra (IceCv)
  A vampire (D:11)
  3 basilisks (Lair:2)
  25 yaks
  A wyvern (D:9)
  4 steam dragons
  2 vampire mosquitoes (D:12)
  A death yak simulacrum (IceCv)
  Menkaure (D:5)
  2 acid dragons
  A small abomination (Abyss:2)
  4 harpy simulacra (IceCv)
  3 hydra simulacra (IceCv)
  5 water moccasins
  15 orc warriors
  A sky beast (D:6)
  3 laughing skulls (Abyss:2)
  A black bear (Lair:2)
  6 ogres
  8 centaurs
  A phantom (D:5)
  6 bullfrogs
  7 kobold brigands
  2 gnoll sergeants
  A cane toad simulacrum (IceCv)
  2 scorpions (D:5)
  7 wights
  A killer bee (D:9)
  10 howler monkeys
  2 electric eels (D:6)
  2 bombardier beetles
  4 jellies
  4 hounds
  10 orc priests
  5 iguanas
  Ijyb (D:3)
  Natasha (D:2)
  Terence (D:2)
  2 sleepcaps
  12 orc wizards
  A polar bear simulacrum (IceCv)
  A troll simulacrum (IceCv)
  17 gnolls
  6 adders
  A naga simulacrum (IceCv)
  A shadow imp (D:6)
  3 white imps
  5 ufetubi
  2 ribbon worms (D:2)
  2 dart slugs
  45 orcs
  8 endoplasms
  4 giant cockroaches
  21 goblins
  18 hobgoblins
  8 jackals
  5 quokkas
  4 ball pythons
  5 bats
  4 frilled lizards
  21 kobolds
  7 rats
449 creatures vanquished.

Vanquished Creatures (others)
  A two-headed ogre (D:9)
1 creature vanquished.

Grand Total: 450 creatures vanquished

Notes
Turn   | Place    | Note
-------+----------+-------------------------------------------
     0 | D:1      | hikkokomori the Coglin Berserker began the quest for the
                  | Orb.
     0 | D:1      | Reached XP level 1. HP: 18/18 MP: 1/1
   138 | D:1      | Reached XP level 2. HP: 23/24 MP: 2/2
   289 | D:1      | Found a faded altar of an unknown god.
   428 | D:1      | Reached XP level 3. HP: 12/29 MP: 3/3
   472 | D:1      | Upgraded the game from 0.32-a0-673-g3729bd50f8 to
                  | 0.32-a0-685-g93135e86f0
   752 | D:2      | Reached skill level 1 in Polearms
   766 | D:2      | Reached ** piety under Trog
   889 | D:2      | Reached XP level 4. HP: 37/37 MP: 4/4
  1073 | D:2      | Noticed Terence
  1081 | D:2      | Killed Terence
  1193 | D:2      | Noticed Natasha
  1202 | D:2      | Killed Natasha
  1203 | D:2      | Reached XP level 5. HP: 32/42 MP: 5/5
  1347 | D:2      | Found Wibbosomy's Antique Weapon Shop.
  1604 | D:3      | You fall into a shaft and drop 1 floor!
  1645 | D:4      | Found a shimmering blue altar of Sif Muna.
  1782 | D:3      | Noticed Ijyb
  1789 | D:3      | Paralysed by Ijyb for 5 turns
  1801 | D:3      | Paralysed by Ijyb for 2 turns
  1811 | D:3      | Killed Ijyb
  1851 | D:3      | Found an ancient bone altar of Kikubaaqudgha.
  2201 | D:2      | Bought a transparent dire flail for 162 gold pieces
  2201 | D:2      | Identified the +8 dire flail of Calamity {elec, rF++ Will+
                  | Str-2} (You bought it in a shop on level 2 of the Dungeon)
  2513 | D:4      | Found a sacrificial altar of Ru.
  2515 | D:4      | Reached *** piety under Trog
  2516 | D:4      | Reached skill level 1 in Evocations
  2516 | D:4      | Reached XP level 6. HP: 49/49 MP: 6/6
  2671 | D:4      | Reached skill level 1 in Maces & Flails
  2745 | D:4      | Found a snail-covered altar of Cheibriados.
  2973 | D:5      | Entered Level 5 of the Dungeon
  3303 | D:5      | Reached XP level 7. HP: 26/55 MP: 7/7
  3431 | D:5      | Found a shimmering altar of Xom.
  3454 | D:5      | Found a hide-covered altar of Uskayaw.
  3643 | D:5      | Reached skill level 5 in Fighting
  3713 | D:5      | Reached XP level 8. HP: 31/63 MP: 8/8
  3879 | D:5      | Noticed Menkaure
  3886 | D:5      | Killed Menkaure
  4152 | D:6      | Reached skill level 5 in Maces & Flails
  4265 | D:6      | Reached **** piety under Trog
  4318 | D:6      | Found Cuyb's Jewellery Shop.
  4471 | D:6      | Found a glowing silver altar of Zin.
  4471 | D:6      | Found an opulent altar of Gozag.
  4475 | D:6      | Found a glowing golden altar of the Shining One.
  4507 | D:6      | Found a broken altar of Ashenzari.
  4509 | D:6      | Found a bloodstained altar of Trog.
  4899 | D:6      | Reached XP level 9. HP: 72/72 MP: 9/9
  5156 | D:7      | Found a staircase to the Ecumenical Temple.
  5264 | D:7      | Found a flagged portal.
  5396 | Bailey   | Entered a bailey
  5426 | Bailey   | Noticed an orc knight
  5443 | Bailey   | Killed an orc knight
  5884 | Bailey   | Noticed an orc warlord
  5907 | Bailey   | Reached XP level 10. HP: 83/83 MP: 10/10
  5919 | Bailey   | Killed an orc warlord
  5920 | Bailey   | Reached skill level 10 in Fighting
  6201 | Bailey   | Identified the +0 cloak of a volcano {^Contam Regen+ Str+5}
  6665 | D:7      | Found a sparkling altar of Nemelex Xobeh.
  6910 | D:7      | Reached ***** piety under Trog
  7024 | D:8      | Reached skill level 5 in Evocations
  7099 | D:8      | Found a transporter.
  7116 | D:8      | Found a transporter.
  7116 | D:8      | Found a corrupted altar of Lugonu.
  7116 | D:8      | Noticed a red ugly thing
  7117 | D:8      | Noticed a green ugly thing
  7123 | D:8      | Noticed a white ugly thing
  7346 | D:8      | Found Reotzot's Assorted Antiques.
  7586 | D:8      | Found a hazy altar of Hepliaklqana.
  7779 | D:9      | Noticed Joseph
  7784 | D:9      | Killed Joseph
  7785 | D:9      | Reached XP level 11. HP: 90/90 MP: 11/11
  7807 | D:9      | Found a shadowy altar of Dithmenos.
  7818 | D:9      | Found Ucsiep's Armour Shop.
  7827 | D:9      | Found a burning altar of Makhleb.
  7883 | D:9      | Identified the +11 eveningstar "Uteghouh" {heavy, rC+ rN++}
                  | (Trog gifted it to you on level 9 of the Dungeon)
  7883 | D:9      | Received a gift from Trog
  8231 | D:9      | Noticed a two-headed ogre
  8234 | D:9      | Noticed a two-headed ogre
  8236 | D:9      | Noticed a cyclops
  8238 | D:9      | Killed a two-headed ogre
  8246 | D:9      | Killed a two-headed ogre
  8247 | D:9      | Reached skill level 10 in Maces & Flails
  8385 | D:9      | Noticed a centaur warrior
  8390 | D:9      | Killed a centaur warrior
  8409 | D:9      | Killed a cyclops
  8625 | D:10     | Entered Level 10 of the Dungeon
  8635 | D:10     | Noticed Psyche
  8636 | Abyss:2  | Cast into level 2 of the Abyss (Psyche)
  8645 | Abyss:2  | Noticed a wretched star
  8712 | Abyss:2  | Found a corrupted altar of Lugonu.
  8749 | Abyss:2  | Fell from the grace of Trog
  8749 | Abyss:2  | Became a worshipper of Lugonu the Unformed
  8749 | Abyss:2  | Reached * piety under Lugonu
  8749 | Abyss:2  | Reached ** piety under Lugonu
  8754 | Abyss:2  | Noticed a worldbinder
  8755 | Abyss:2  | Noticed a wolf spider
  8755 | Abyss:2  | Noticed a wolf spider
  8756 | D:10     | Escaped the Abyss
  8761 | D:10     | Killed Psyche
  8912 | D:10     | Reached skill level 1 in Invocations
  8915 | D:10     | Noticed Harold
  8921 | D:10     | Killed Harold
  8922 | D:10     | Reached XP level 12. HP: 97/98 MP: 11/13
  8989 | D:10     | Got the Verses on Reagents and Bewitchment
  9014 | D:10     | Identified the +0 scale mail "Turak" {^Drain rElec Str+6}
  9114 | D:10     | Found a stormy altar of Qazlal.
  9269 | D:10     | Gained mutation: Armour fits poorly on your strangely
                  | shaped body. [a neqoxec]
  9305 | D:10     | Found a staircase to the Lair.
  9437 | Lair:1   | Entered Level 1 of the Lair of Beasts
  9474 | Lair:1   | Lost mutation: Armour fits poorly on your strangely shaped
                  | body. [potion of mutation]
  9474 | Lair:1   | Gained mutation: You are frail. (-10% HP) [potion of
                  | mutation]
  9474 | Lair:1   | Gained mutation: You are dopey. (Int -2) [potion of
                  | mutation]
  9474 | Lair:1   | Gained mutation: Your flesh is heat resistant. (rF+)
                  | [potion of mutation]
  9475 | Lair:1   | Reached XP level 13. HP: 47/95 MP: 15/19
  9708 | Lair:1   | Reached skill level 1 in Stealth
  9723 | Lair:1   | Reached skill level 5 in Armour
  9749 | Lair:1   | Reached *** piety under Lugonu
 10424 | Lair:2   | Noticed Gastronok
 10497 | Lair:1   | Killed Gastronok
 10682 | Lair:2   | Reached XP level 14. HP: 58/104 MP: 20/20
 10721 | Lair:2   | Acquired a reticulated subsystem {Rampage Acrobat rElec
                  | rPois rCorr}
 10909 | Lair:2   | Found a transporter.
 11388 | Lair:2   | Found a transporter.
 11744 | D:11     | Identified the +4 trident of the Gazing Weasel {venom,
                  | ^Fragile rN++ Int-5 Stlth+}
 11791 | D:11     | Reached skill level 10 in Evocations
 11997 | D:11     | Reached **** piety under Lugonu
 12434 | D:12     | Found a frozen archway.
 12457 | D:12     | Found Mizutoank's Armour Emporium.
 12457 | D:12     | Found a staircase to the Orcish Mines.
 12481 | IceCv    | Entered an ice cave
 12622 | IceCv    | Reached skill level 1 in Short Blades
 12888 | IceCv    | Noticed a reaper
 12892 | IceCv    | Killed a reaper
 13280 | D:12     | Identified the +4 dagger of the Brewing Lamprey {freeze,
                  | rF+ rC- rN+++ Will-}
 13397 | D:12     | Mangled by a two-headed ogre

Illustrated notes

Levels and vault maps discovered:
D:1:      dpeg_arrival_rhombi, layout_rooms, ebering_ecumenical_altar_webs
D:2:      layout_basic, serial_shops, nicolae_shop_dealshenge,
          nicolae_twisty_statue_hallways, uniq_terence, uniq_natasha
D:3:      layout_basic, lemuel_tele_altar, minmay_fractal_squares_gapless_5,
          uniq_ijyb
D:4:      layout_loops_ring, hellmonk_sif_muna_bookshelves,
          nicolae_ru_great_annihilating_truth, slow_altar_1
D:5:      layout_basic, nicolae_uskayaw_dance_hall, xom_teletrap_fun,
          uniq_menkaure
D:6:      layout_basic, grunt_temple_overflow_open, serial_shops,
          nicolae_shop_gaudy_bauble, serial_bayou_lagoon_b
D:7:      layout_loops_ring, nemelex_dance_club_becter,
          minmay_temple_entry_statues, enter_bailey_2
D:8:      gammafunk_corrupted_shrine, layout_loops_ring,
          worldfamousw_hep_ancestral_shrine, serial_shops, shop
D:9:      cheibrodos_ideogram_h, layout_gridville,
          nicolae_dithmenos_through_a_glass_darkly, bloody_makhleb,
          serial_shops, shop, uniq_joseph
D:10:     layout_cave_pools, nicolae_qazlal_style_of_elements,
          david_lair_shrubbed, uniq_harold, uniq_psyche
D:11:     layout_roguey, minmay_misc_feat_x
D:12:     layout_cave_pools, orc_david_3, portal_ice_cave_rime,
          minmay_misc_feat_columns
Lair:1:   layout_gridlike, dreamdust_mushroom_princess
Lair:2:   gammafunk_cloud_chamber, layout_gridlike, minmay_lair_oklob_bushes,
          lemuel_fruit_fields, uniq_gastronok

Skill      XL: |  1  2  3  4  5  6  7  8  9 10 11 12 13 14 |
---------------+-------------------------------------------+-----
Armour         | 2 3 4 6 8 |  8.0
Dodging        | 2 3 4 |  4.2
Polearms       | 1 2 |  2.3
Fighting       | 4 5 7 9 10 11 12 | 12.9
Axes           | 4 |  4.2
Evocations     | 1 4 6 8 9 12 | 12.0
Maces & Flails | 2 4 6 8 9 11 12 | 12.0
Invocations    | 1 8 |  8.1
Stealth        | 2 |  2.0
Short Blades   | 2 |  2.7

Action                     |  1- 3 |  4- 6 |  7- 9 | 10-12 | 13-15 || total
---------------------------+-------+-------+-------+-------+-------++-------
  Melee: Hand axe          |    77 |    82 |       |       |       ||   159
         Dagger            |    15 |       |       |       |       ||    15
         Spear             |    70 |   107 |       |       |       ||   177
         Dire flail        |       |    40 |   214 |   151 |       ||   405
         Eveningstar       |       |       |       |   111 |   286 ||   397
         Whip              |       |       |       |    96 |   253 ||   349
  Throw: Javelin           |       |       |       |     1 |       ||     1
 Invoke: Berserk           |       |     2 |     5 |     5 |       ||    12
         Trog's Hand       |       |       |       |     1 |       ||     1
         Depart the Abyss  |       |       |       |     1 |       ||     1
         Banish            |       |       |       |       |     4 ||     4
Ability: Invent Gizmo      |       |       |       |       |     1 ||     1
  Evoke: Wand              |       |       |     5 |     1 |     4 ||    10
    Use: Scroll            |       |       |    15 |     6 |     5 ||    26
         Potion            |       |       |     1 |     2 |     1 ||     4
   Stab: Paralysed         |       |       |     9 |     2 |       ||    11
         Distracted        |       |       |     1 |       |       ||     1
 Armour: Animal skin       |    56 |       |       |       |       ||    56
         Leather armour    |     2 |    12 |       |       |       ||    14
         Scale mail        |       |    73 |   143 |   231 |   233 ||   680
  Dodge: Dodged            |    61 |    48 |    74 |   146 |   146 ||   475

Table legend: (Time is in decaauts)
 A = Elapsed time spent in this place.
 B = Non-inter-level travel time spent in this place.
 C = Inter-level travel time spent in this place.
 D = Time resting spent in this place.
 E = Time spent auto-exploring this place.
 F = Levels seen in this place.
 G = Mean time per level.
                   A        B        C        D        E       F      G
               +--------+--------+--------+--------+--------+-----+--------+
         Total |  13506 |  12775 |    731 |    704 |   8492 |  17 |  794.5 |
       Dungeon |   9792 |   9181 |    611 |    314 |   6479 |  12 |  816.0 |
          Lair |   2240 |   2120 |    120 |    118 |   1477 |   2 | 1120.0 |
         Abyss |    110 |    110 |      0 |      0 |      0 |   1 |  110.0 |
        Bailey |    867 |    867 |      0 |    259 |    334 |   1 |  867.0 |
      Ice Cave |    496 |    496 |      0 |     12 |    202 |   1 |  496.0 |
               +--------+--------+--------+--------+--------+-----+--------+

Top non-repeatable levels by time:
  Lair:2: 1228 daAuts
     D:6: 1136 daAuts
  Lair:1: 1012 daAuts
     D:7: 986 daAuts
     D:5: 962 daAuts
     D:9: 918 daAuts
     D:4: 887 daAuts
  Bailey: 867 daAuts
     D:8: 789 daAuts
     D:3: 775 daAuts
     D:2: 753 daAuts
    D:11: 719 daAuts
     D:1: 708 daAuts
    D:10: 669 daAuts
   IceCv: 496 daAuts
